AoeStats
← HuevoGordo

Arena

509736373Analyzed
1v1 RM · 3d ago on Sep 27, 2026· 31m 46s· 2 players
Game mode
Random Map
Map size
Tiny (2 player)
Population
200
Speed
Normal
Resources
Standard
Victory
Conquest
Starting age
Dark Age
Ending age
Imperial Age
RankedLock teamsTeams togetherTeam positionsShared explorationLock speedFull tech treeHidden civsTurbo modeCheats
Victory
Defeat
🇲🇽 Vikings · Mexico
972
+16
🇪🇸 Britons · Spain
971
-16
HuevoGordo
10:37 Feudal Age
11:11 Feudal Age
12:29 Horse Collar
15:13 Castle Age
15:08 Double-Bit Axe
18:00 Bow Saw
17:46 Loom
19:25 Fletching
20:06 Bodkin Arrow
22:49 Wheelbarrow
22:00 Town Watch
30:38 Yeomen
30:25 Padded Archer Armor
payaso_delicia
10:27 Feudal Age
16:53 Castle Age
23:01 Fletching
28:19 Scale Mail Armor
29:39 Double-Bit Axe
Connection lost

Rejoining the realm…

Still unreachable

The connection could not be restored.

Session expired

The server has moved on; the page needs a fresh start.